%YAML 1.1
%TAG !u! tag:unity3d.com,2011:
--- !u!1 &2463786778313620030
GameObject:
  m_ObjectHideFlags: 0
  m_CorrespondingSourceObject: {fileID: 0}
  m_PrefabInstance: {fileID: 0}
  m_PrefabAsset: {fileID: 0}
  serializedVersion: 6
  m_Component:
  - component: {fileID: 7161478347550474346}
  - component: {fileID: 3526732692578551899}
  - component: {fileID: 1116905922792864205}
  - component: {fileID: 7750822761793130438}
  - component: {fileID: 4744614227692260836}
  m_Layer: 0
  m_Name: Liquid
  m_TagString: Untagged
  m_Icon: {fileID: 0}
  m_NavMeshLayer: 0
  m_StaticEditorFlags: 0
  m_IsActive: 1
--- !u!4 &7161478347550474346
Transform:
  m_ObjectHideFlags: 0
  m_CorrespondingSourceObject: {fileID: 0}
  m_PrefabInstance: {fileID: 0}
  m_PrefabAsset: {fileID: 0}
  m_GameObject: {fileID: 2463786778313620030}
  m_LocalRotation: {x: 0, y: 0, z: 0, w: 1}
  m_LocalPosition: {x: 0, y: 0.0845, z: 0}
  m_LocalScale: {x: 0.07, y: 0.08, z: 0.07}
  m_Children: []
  m_Father: {fileID: 7158438212863959402}
  m_RootOrder: 2
  m_LocalEulerAnglesHint: {x: 0, y: 0, z: 0}
--- !u!33 &3526732692578551899
MeshFilter:
  m_ObjectHideFlags: 0
  m_CorrespondingSourceObject: {fileID: 0}
  m_PrefabInstance: {fileID: 0}
  m_PrefabAsset: {fileID: 0}
  m_GameObject: {fileID: 2463786778313620030}
  m_Mesh: {fileID: 10206, guid: 0000000000000000e000000000000000, type: 0}
--- !u!23 &1116905922792864205
MeshRenderer:
  m_ObjectHideFlags: 0
  m_CorrespondingSourceObject: {fileID: 0}
  m_PrefabInstance: {fileID: 0}
  m_PrefabAsset: {fileID: 0}
  m_GameObject: {fileID: 2463786778313620030}
  m_Enabled: 1
  m_CastShadows: 1
  m_ReceiveShadows: 1
  m_DynamicOccludee: 1
  m_MotionVectors: 1
  m_LightProbeUsage: 1
  m_ReflectionProbeUsage: 1
  m_RayTracingMode: 2
  m_RenderingLayerMask: 1
  m_RendererPriority: 0
  m_Materials:
  - {fileID: 0}
  m_StaticBatchInfo:
    firstSubMesh: 0
    subMeshCount: 0
  m_StaticBatchRoot: {fileID: 0}
  m_ProbeAnchor: {fileID: 0}
  m_LightProbeVolumeOverride: {fileID: 0}
  m_ScaleInLightmap: 1
  m_ReceiveGI: 1
  m_PreserveUVs: 0
  m_IgnoreNormalsForChartDetection: 0
  m_ImportantGI: 0
  m_StitchLightmapSeams: 1
  m_SelectedEditorRenderState: 3
  m_MinimumChartSize: 4
  m_AutoUVMaxDistance: 0.5
  m_AutoUVMaxAngle: 89
  m_LightmapParameters: {fileID: 0}
  m_SortingLayerID: 0
  m_SortingLayer: 0
  m_SortingOrder: 0
--- !u!136 &7750822761793130438
CapsuleCollider:
  m_ObjectHideFlags: 0
  m_CorrespondingSourceObject: {fileID: 0}
  m_PrefabInstance: {fileID: 0}
  m_PrefabAsset: {fileID: 0}
  m_GameObject: {fileID: 2463786778313620030}
  m_Material: {fileID: 0}
  m_IsTrigger: 0
  m_Enabled: 1
  m_Radius: 0.5000001
  m_Height: 2
  m_Direction: 1
  m_Center: {x: 0.000000059604645, y: 0, z: -0.00000008940697}
--- !u!114 &4744614227692260836
MonoBehaviour:
  m_ObjectHideFlags: 0
  m_CorrespondingSourceObject: {fileID: 0}
  m_PrefabInstance: {fileID: 0}
  m_PrefabAsset: {fileID: 0}
  m_GameObject: {fileID: 2463786778313620030}
  m_Enabled: 1
  m_EditorHideFlags: 0
  m_Script: {fileID: 11500000, guid: 4f61dcfd7077c46509132f92d2df65fe, type: 3}
  m_Name: 
  m_EditorClassIdentifier: 
  _topology: 1
  _detail: 11
  _level: 0.64
  _levelMultiplier: 1
  _liquidLayers: []
  _smoothContactSurface: 3
  _ditherStrength: 0.5
  _layersAdjustmentSpeed: 1
  _layersAdjustmentCompact: 1
  _liquidColor1: {r: 0.5411765, g: 0.6313726, b: 0.8509804, a: 0.1}
  _liquidScale1: 1
  _liquidColor2: {r: 0.6392157, g: 0.6784314, b: 0.8862745, a: 0.3}
  _liquidScale2: 5
  _alpha: 1
  _emissionColor: {r: 0, g: 0, b: 0, a: 1}
  _emissionBrightness: 0
  _ditherShadows: 1
  _murkiness: 1
  _turbulence1: 0.5
  _turbulence2: 0.3
  _frecuency: 1
  _speed: 0.5
  _sparklingIntensity: 0.1
  _sparklingAmount: 0.2
  _deepObscurance: 2
  _foamColor: {r: 1, g: 1, b: 1, a: 0.65}
  _foamScale: 0.2
  _foamThickness: 0.04
  _foamDensity: 0.5
  _foamWeight: 10
  _foamTurbulence: 1
  _foamVisibleFromBottom: 1
  _smokeEnabled: 0
  _smokeColor: {r: 0.7, g: 0.7, b: 0.7, a: 0.25}
  _smokeScale: 0.25
  _smokeBaseObscurance: 2
  _smokeSpeed: 5
  _fixMesh: 0
  originalMesh: {fileID: 0}
  originalPivotOffset: {x: 0, y: 0, z: 0}
  _pivotOffset: {x: 0, y: 0, z: 0}
  _autoCloseMesh: 0
  _upperLimit: 1.5
  _lowerLimit: -1.5
  _subMeshIndex: 0
  _flaskColor: {r: 1, g: 1, b: 1, a: 0}
  _flaskTint: {r: 0, g: 0, b: 0, a: 1}
  _flaskThickness: 0.03
  _flaskGlossinessExternal: 0.767
  _flaskGlossinessInternal: 0.5
  _scatteringEnabled: 0
  _scatteringPower: 5
  _scatteringAmount: 0.3
  _refractionBlur: 1
  _blurIntensity: 0.75
  _liquidRaySteps: 10
  _foamRaySteps: 7
  _smokeRaySteps: 5
  _bumpMap: {fileID: 0}
  _bumpStrength: 1
  _bumpDistortionScale: 1
  _bumpDistortionOffset: {x: 0, y: 0}
  _distortionMap: {fileID: 0}
  _texture: {fileID: 0}
  _textureScale: {x: 1, y: 1}
  _textureOffset: {x: 0, y: 0}
  _distortionAmount: 1
  _depthAware: 1
  _depthAwareOffset: 0
  _irregularDepthDebug: 0
  _depthAwareCustomPass: 0
  _depthAwareCustomPassDebug: 0
  _doubleSidedBias: 0.001
  _backDepthBias: 0
  _rotationLevelBias: 0
  _ignoreGravity: 0
  _reactToForces: 0
  _textureAlpha: 1
  _extentsScale: {x: 1, y: 1, z: 1}
  _noiseVariation: 1
  _allowViewFromInside: 0
  _debugSpillPoint: 0
  _renderQueue: 3001
  _reflectionTexture: {fileID: 0}
  _physicsMass: 1
  _physicsAngularDamp: 0.02
  _bubblesAmount: 32
  _bubblesSizeMin: 2
  _bubblesSizeMax: 4
  _bubblesScale: 3
  _bubblesBrightness: 1
  _bubblesVerticalSpeed: 1
  _bubblesSeed: 1
  _pointLightsEnabled: 0
  pointLightParams:
  - name: Light 1
    targetPos: {x: 0, y: 0, z: 0}
    randomTarget: 0
    randomTargetCenter: {x: 0, y: 0, z: 0}
    randomTargetRadius: 0
    nextTargetInterval: 0
    moveSpeed: 0
    lightRange: 0
    intensityMin: 0
    intensityMax: 0
    intensitySpeed: 0
    color1: {r: 0, g: 0, b: 0, a: 0}
    color2: {r: 0, g: 0, b: 0, a: 0}
    colorSpeed: 0
  - name: Light 2
    targetPos: {x: 0, y: 0, z: 0}
    randomTarget: 0
    randomTargetCenter: {x: 0, y: 0, z: 0}
    randomTargetRadius: 0
    nextTargetInterval: 0
    moveSpeed: 0
    lightRange: 0
    intensityMin: 0
    intensityMax: 0
    intensitySpeed: 0
    color1: {r: 0, g: 0, b: 0, a: 0}
    color2: {r: 0, g: 0, b: 0, a: 0}
    colorSpeed: 0
  - name: Light 3
    targetPos: {x: 0, y: 0, z: 0}
    randomTarget: 0
    randomTargetCenter: {x: 0, y: 0, z: 0}
    randomTargetRadius: 0
    nextTargetInterval: 0
    moveSpeed: 0
    lightRange: 0
    intensityMin: 0
    intensityMax: 0
    intensitySpeed: 0
    color1: {r: 0, g: 0, b: 0, a: 0}
    color2: {r: 0, g: 0, b: 0, a: 0}
    colorSpeed: 0
  - name: Light 4
    targetPos: {x: 0, y: 0, z: 0}
    randomTarget: 0
    randomTargetCenter: {x: 0, y: 0, z: 0}
    randomTargetRadius: 0
    nextTargetInterval: 0
    moveSpeed: 0
    lightRange: 0
    intensityMin: 0
    intensityMax: 0
    intensitySpeed: 0
    color1: {r: 0, g: 0, b: 0, a: 0}
    color2: {r: 0, g: 0, b: 0, a: 0}
    colorSpeed: 0
  - name: Light 5
    targetPos: {x: 0, y: 0, z: 0}
    randomTarget: 0
    randomTargetCenter: {x: 0, y: 0, z: 0}
    randomTargetRadius: 0
    nextTargetInterval: 0
    moveSpeed: 0
    lightRange: 0
    intensityMin: 0
    intensityMax: 0
    intensitySpeed: 0
    color1: {r: 0, g: 0, b: 0, a: 0}
    color2: {r: 0, g: 0, b: 0, a: 0}
    colorSpeed: 0
  - name: Light 6
    targetPos: {x: 0, y: 0, z: 0}
    randomTarget: 0
    randomTargetCenter: {x: 0, y: 0, z: 0}
    randomTargetRadius: 0
    nextTargetInterval: 0
    moveSpeed: 0
    lightRange: 0
    intensityMin: 0
    intensityMax: 0
    intensitySpeed: 0
    color1: {r: 0, g: 0, b: 0, a: 0}
    color2: {r: 0, g: 0, b: 0, a: 0}
    colorSpeed: 0
  pointLightsScatteringAmount: 0.8
  pointLightsIntensity: 1
  pointLightInsideAtten: 0
--- !u!1 &4513977739424930249
GameObject:
  m_ObjectHideFlags: 0
  m_CorrespondingSourceObject: {fileID: 0}
  m_PrefabInstance: {fileID: 0}
  m_PrefabAsset: {fileID: 0}
  serializedVersion: 6
  m_Component:
  - component: {fileID: 8277933636442607025}
  - component: {fileID: 2136933956227650931}
  - component: {fileID: 3850947865570596791}
  m_Layer: 0
  m_Name: CombineCollider
  m_TagString: Untagged
  m_Icon: {fileID: 0}
  m_NavMeshLayer: 0
  m_StaticEditorFlags: 0
  m_IsActive: 1
--- !u!4 &8277933636442607025
Transform:
  m_ObjectHideFlags: 0
  m_CorrespondingSourceObject: {fileID: 0}
  m_PrefabInstance: {fileID: 0}
  m_PrefabAsset: {fileID: 0}
  m_GameObject: {fileID: 4513977739424930249}
  m_LocalRotation: {x: 0, y: 0, z: 0, w: 1}
  m_LocalPosition: {x: 0, y: 0, z: 0}
  m_LocalScale: {x: 1, y: 1, z: 1}
  m_Children: []
  m_Father: {fileID: 7158438212863959402}
  m_RootOrder: 1
  m_LocalEulerAnglesHint: {x: 0, y: 0, z: 0}
--- !u!114 &2136933956227650931
MonoBehaviour:
  m_ObjectHideFlags: 0
  m_CorrespondingSourceObject: {fileID: 0}
  m_PrefabInstance: {fileID: 0}
  m_PrefabAsset: {fileID: 0}
  m_GameObject: {fileID: 4513977739424930249}
  m_Enabled: 1
  m_EditorHideFlags: 0
  m_Script: {fileID: 11500000, guid: 118a98f9b2d3bfb4c9a47ac58321af0f, type: 3}
  m_Name: 
  m_EditorClassIdentifier: 
  boxCollider: {fileID: 3850947865570596791}
  grabbedObject: {fileID: 0}
--- !u!65 &3850947865570596791
BoxCollider:
  m_ObjectHideFlags: 0
  m_CorrespondingSourceObject: {fileID: 0}
  m_PrefabInstance: {fileID: 0}
  m_PrefabAsset: {fileID: 0}
  m_GameObject: {fileID: 4513977739424930249}
  m_Material: {fileID: 0}
  m_IsTrigger: 1
  m_Enabled: 1
  serializedVersion: 2
  m_Size: {x: 0.07138194, y: 0.18198007, z: 0.06604744}
  m_Center: {x: -0.0024118274, y: 0.09832519, z: -0.00040335953}
--- !u!1 &7534879199227035746
GameObject:
  m_ObjectHideFlags: 0
  m_CorrespondingSourceObject: {fileID: 0}
  m_PrefabInstance: {fileID: 0}
  m_PrefabAsset: {fileID: 0}
  serializedVersion: 6
  m_Component:
  - component: {fileID: 78770887948958254}
  - component: {fileID: 6883257755803442292}
  - component: {fileID: 3530511920618122394}
  m_Layer: 0
  m_Name: BottleLid
  m_TagString: Untagged
  m_Icon: {fileID: 0}
  m_NavMeshLayer: 0
  m_StaticEditorFlags: 0
  m_IsActive: 1
--- !u!4 &78770887948958254
Transform:
  m_ObjectHideFlags: 0
  m_CorrespondingSourceObject: {fileID: 0}
  m_PrefabInstance: {fileID: 0}
  m_PrefabAsset: {fileID: 0}
  m_GameObject: {fileID: 7534879199227035746}
  m_LocalRotation: {x: 0, y: -0, z: -0, w: 1}
  m_LocalPosition: {x: -0, y: 0, z: 0}
  m_LocalScale: {x: 1, y: 1, z: 1}
  m_Children: []
  m_Father: {fileID: 7158438212863959402}
  m_RootOrder: 0
  m_LocalEulerAnglesHint: {x: 0, y: 0, z: 0}
--- !u!33 &6883257755803442292
MeshFilter:
  m_ObjectHideFlags: 0
  m_CorrespondingSourceObject: {fileID: 0}
  m_PrefabInstance: {fileID: 0}
  m_PrefabAsset: {fileID: 0}
  m_GameObject: {fileID: 7534879199227035746}
  m_Mesh: {fileID: 4300002, guid: 61e42c4d3eed53040a892bc090e6d15d, type: 3}
--- !u!23 &3530511920618122394
MeshRenderer:
  m_ObjectHideFlags: 0
  m_CorrespondingSourceObject: {fileID: 0}
  m_PrefabInstance: {fileID: 0}
  m_PrefabAsset: {fileID: 0}
  m_GameObject: {fileID: 7534879199227035746}
  m_Enabled: 1
  m_CastShadows: 1
  m_ReceiveShadows: 1
  m_DynamicOccludee: 1
  m_MotionVectors: 1
  m_LightProbeUsage: 1
  m_ReflectionProbeUsage: 1
  m_RayTracingMode: 2
  m_RenderingLayerMask: 1
  m_RendererPriority: 0
  m_Materials:
  - {fileID: 2100000, guid: 1b14bb703a181454c8b6c3eae3d05db2, type: 2}
  m_StaticBatchInfo:
    firstSubMesh: 0
    subMeshCount: 0
  m_StaticBatchRoot: {fileID: 0}
  m_ProbeAnchor: {fileID: 0}
  m_LightProbeVolumeOverride: {fileID: 0}
  m_ScaleInLightmap: 1
  m_ReceiveGI: 1
  m_PreserveUVs: 0
  m_IgnoreNormalsForChartDetection: 0
  m_ImportantGI: 0
  m_StitchLightmapSeams: 0
  m_SelectedEditorRenderState: 3
  m_MinimumChartSize: 4
  m_AutoUVMaxDistance: 0.5
  m_AutoUVMaxAngle: 89
  m_LightmapParameters: {fileID: 0}
  m_SortingLayerID: 0
  m_SortingLayer: 0
  m_SortingOrder: 0
--- !u!1 &8087412604279659734
GameObject:
  m_ObjectHideFlags: 0
  m_CorrespondingSourceObject: {fileID: 0}
  m_PrefabInstance: {fileID: 0}
  m_PrefabAsset: {fileID: 0}
  serializedVersion: 6
  m_Component:
  - component: {fileID: 7158438212863959402}
  - component: {fileID: 1002333219277210308}
  - component: {fileID: 8221224289813846005}
  - component: {fileID: 8612771208936508061}
  - component: {fileID: 4665227832241493920}
  - component: {fileID: 894343742198985364}
  - component: {fileID: 2516242730800055367}
  m_Layer: 0
  m_Name: WashBottle
  m_TagString: AR_InteractableCollider
  m_Icon: {fileID: 0}
  m_NavMeshLayer: 0
  m_StaticEditorFlags: 0
  m_IsActive: 1
--- !u!4 &7158438212863959402
Transform:
  m_ObjectHideFlags: 0
  m_CorrespondingSourceObject: {fileID: 0}
  m_PrefabInstance: {fileID: 0}
  m_PrefabAsset: {fileID: 0}
  m_GameObject: {fileID: 8087412604279659734}
  m_LocalRotation: {x: 0, y: 0, z: 0, w: 1}
  m_LocalPosition: {x: 0, y: 0, z: 0}
  m_LocalScale: {x: 1, y: 1, z: 1}
  m_Children:
  - {fileID: 78770887948958254}
  - {fileID: 8277933636442607025}
  - {fileID: 7161478347550474346}
  m_Father: {fileID: 3024979236301093231}
  m_RootOrder: 0
  m_LocalEulerAnglesHint: {x: 0, y: 0, z: 0}
--- !u!33 &1002333219277210308
MeshFilter:
  m_ObjectHideFlags: 0
  m_CorrespondingSourceObject: {fileID: 0}
  m_PrefabInstance: {fileID: 0}
  m_PrefabAsset: {fileID: 0}
  m_GameObject: {fileID: 8087412604279659734}
  m_Mesh: {fileID: 4300000, guid: 61e42c4d3eed53040a892bc090e6d15d, type: 3}
--- !u!23 &8221224289813846005
MeshRenderer:
  m_ObjectHideFlags: 0
  m_CorrespondingSourceObject: {fileID: 0}
  m_PrefabInstance: {fileID: 0}
  m_PrefabAsset: {fileID: 0}
  m_GameObject: {fileID: 8087412604279659734}
  m_Enabled: 1
  m_CastShadows: 1
  m_ReceiveShadows: 1
  m_DynamicOccludee: 1
  m_MotionVectors: 1
  m_LightProbeUsage: 1
  m_ReflectionProbeUsage: 1
  m_RayTracingMode: 2
  m_RenderingLayerMask: 1
  m_RendererPriority: 0
  m_Materials:
  - {fileID: 2100000, guid: fd5b23065600f8345b1e0df13902e425, type: 2}
  m_StaticBatchInfo:
    firstSubMesh: 0
    subMeshCount: 0
  m_StaticBatchRoot: {fileID: 0}
  m_ProbeAnchor: {fileID: 0}
  m_LightProbeVolumeOverride: {fileID: 0}
  m_ScaleInLightmap: 1
  m_ReceiveGI: 1
  m_PreserveUVs: 0
  m_IgnoreNormalsForChartDetection: 0
  m_ImportantGI: 0
  m_StitchLightmapSeams: 0
  m_SelectedEditorRenderState: 3
  m_MinimumChartSize: 4
  m_AutoUVMaxDistance: 0.5
  m_AutoUVMaxAngle: 89
  m_LightmapParameters: {fileID: 0}
  m_SortingLayerID: 0
  m_SortingLayer: 0
  m_SortingOrder: 0
--- !u!54 &8612771208936508061
Rigidbody:
  m_ObjectHideFlags: 0
  m_CorrespondingSourceObject: {fileID: 0}
  m_PrefabInstance: {fileID: 0}
  m_PrefabAsset: {fileID: 0}
  m_GameObject: {fileID: 8087412604279659734}
  serializedVersion: 2
  m_Mass: 1
  m_Drag: 0
  m_AngularDrag: 0.05
  m_UseGravity: 0
  m_IsKinematic: 1
  m_Interpolate: 0
  m_Constraints: 0
  m_CollisionDetection: 0
--- !u!65 &4665227832241493920
BoxCollider:
  m_ObjectHideFlags: 0
  m_CorrespondingSourceObject: {fileID: 0}
  m_PrefabInstance: {fileID: 0}
  m_PrefabAsset: {fileID: 0}
  m_GameObject: {fileID: 8087412604279659734}
  m_Material: {fileID: 0}
  m_IsTrigger: 0
  m_Enabled: 1
  serializedVersion: 2
  m_Size: {x: 0.08000002, y: 0.192, z: 0.08000002}
  m_Center: {x: 0, y: 0.096, z: 0}
--- !u!114 &894343742198985364
MonoBehaviour:
  m_ObjectHideFlags: 0
  m_CorrespondingSourceObject: {fileID: 0}
  m_PrefabInstance: {fileID: 0}
  m_PrefabAsset: {fileID: 0}
  m_GameObject: {fileID: 8087412604279659734}
  m_Enabled: 1
  m_EditorHideFlags: 0
  m_Script: {fileID: 11500000, guid: 03f3eef5b2682fe4680efb93eef12cf6, type: 3}
  m_Name: 
  m_EditorClassIdentifier: 
  kinematicWhenStatic: 1
--- !u!114 &2516242730800055367
MonoBehaviour:
  m_ObjectHideFlags: 0
  m_CorrespondingSourceObject: {fileID: 0}
  m_PrefabInstance: {fileID: 0}
  m_PrefabAsset: {fileID: 0}
  m_GameObject: {fileID: 8087412604279659734}
  m_Enabled: 0
  m_EditorHideFlags: 0
  m_Script: {fileID: 11500000, guid: 5fea29bb7c508c244a1f805a5fd3fc4d, type: 3}
  m_Name: 
  m_EditorClassIdentifier: 
  outlineMode: 0
  outlineColor: {r: 1, g: 0.7372549, b: 0, a: 1}
  outlineWidth: 7
  precomputeOutline: 1
  bakeKeys:
  - {fileID: 4300000, guid: edea351c5b3026948bbee5dcd679eafb, type: 3}
  bakeValues:
  - data:
    - {x: 0.745473, y: -0.65926915, z: -0.098153695}
    - {x: 0.6350864, y: 0.37639856, z: -0.67452896}
    - {x: 0.74262065, y: 0.3467219, z: -0.5729734}
    - {x: 0.38413653, y: -0.58583164, z: -0.7136108}
    - {x: 0.0053898604, y: -0.76393014, z: -0.6452764}
    - {x: 0.6581015, y: -0.75290054, z: -0.006567589}
    - {x: 0.013937299, y: -0.99982303, z: -0.012639472}
    - {x: 0.6322303, y: -0.77459127, z: 0.017121723}
    - {x: 0.053086244, y: -0.7721854, z: -0.63317573}
    - {x: 0.014903441, y: -0.9998889, z: 0.00025202616}
    - {x: 0.60799575, y: -0.7938886, z: -0.009061073}
    - {x: -0.0012113353, y: -0.9998946, z: -0.014465072}
    - {x: 0.027441615, y: -0.7970139, z: -0.6033372}
    - {x: 0.016459564, y: -0.99986446, z: -0.00034298113}
    - {x: 0.606987, y: -0.7937379, z: -0.0393312}
    - {x: -0.00036647147, y: -0.9998758, z: -0.015757326}
    - {x: -0.004275077, y: -0.82453525, z: -0.56579435}
    - {x: 0.000060786857, y: -0.9999994, z: -0.0010928867}
    - {x: 0.018040761, y: -0.9998373, z: 0.00013911605}
    - {x: 0.6053069, y: -0.7959832, z: -0.003786582}
    - {x: 0.0003491422, y: -0.9998466, z: -0.017515883}
    - {x: 0.017853657, y: -0.8832899, z: -0.46848723}
    - {x: 0.00003952584, y: -0.9999994, z: -0.0010932232}
    - {x: 0.00006538333, y: -0.9999994, z: -0.0010946343}
    - {x: 0.020136455, y: -0.9997912, z: -0.003490544}
    - {x: 0.5806904, y: -0.8136256, z: 0.028498026}
    - {x: 0.0010900622, y: -0.99984515, z: -0.017567003}
    - {x: -0.009321815, y: -0.8993554, z: -0.4371189}
    - {x: 0.00005625994, y: -0.9999994, z: -0.0010966435}
    - {x: -0.000010977063, y: -0.9999994, z: -0.0010930592}
    - {x: 0.000044443525, y: -0.9999994, z: -0.0010946621}
    - {x: 0.0139515735, y: -0.9998981, z: -0.0030340168}
    - {x: 0.566225, y: -0.8195015, z: 0.08835431}
    - {x: -0.0030152174, y: -0.99986064, z: -0.016422478}
    - {x: -0.34108105, y: -0.7830306, z: -0.5201219}
    - {x: 0.000058202128, y: -0.9999994, z: -0.0010954274}
    - {x: 0.000032967902, y: -0.9999994, z: -0.001093406}
    - {x: -0.000010351436, y: -0.9999994, z: -0.0010937178}
    - {x: 0.000040807845, y: -0.9999994, z: -0.0010964829}
    - {x: 0.0069099762, y: -0.99987626, z: 0.01413175}
    - {x: 0.3928344, y: -0.7597706, z: 0.5181021}
    - {x: 0.023854362, y: -0.8960863, z: 0.4432385}
    - {x: 0.0005075441, y: -0.99999964, z: -0.0007620361}
    - {x: -0.002465331, y: -0.9998696, z: 0.015962029}
    - {x: -0.009199111, y: -0.9164083, z: 0.400139}
    - {x: 0.000037906717, y: -0.9999994, z: -0.0010938848}
    - {x: -0.000009425218, y: -0.9999994, z: -0.0010955776}
    - {x: 0.000045548386, y: -0.9999994, z: -0.001083033}
    - {x: -0.0011346369, y: -0.9998085, z: 0.01953912}
    - {x: -0.0046447683, y: -0.9185139, z: 0.39536142}
    - {x: -0.000010336482, y: -0.9999994, z: -0.001093333}
    - {x: 0.00003254271, y: -0.9999994, z: -0.001094011}
    - {x: 0.0037374543, y: -0.99985933, z: 0.016353864}
    - {x: -0.003452199, y: -0.9312315, z: 0.3644119}
    - {x: -0.0000036165848, y: -0.9999994, z: -0.0010866276}
    - {x: 0.00003155834, y: -0.9999994, z: -0.0010956287}
    - {x: -0.000019568102, y: -0.9999994, z: -0.0010955861}
    - {x: 0.0028805414, y: -0.99996126, z: 0.008327074}
    - {x: 0.0070047705, y: -0.94764084, z: 0.31926137}
    - {x: 0.000031904725, y: -0.9999994, z: -0.0010943632}
    - {x: 0.000014132598, y: -0.9999994, z: -0.0010777486}
    - {x: -0.000017099304, y: -0.9999994, z: -0.0010948034}
    - {x: -0.018944187, y: -0.9996643, z: -0.017673148}
    - {x: -0.7138819, y: -0.60063624, z: -0.36001197}
    - {x: -0.5360342, y: -0.84419537, z: -0.0012184684}
    - {x: -0.027330134, y: -0.9996257, z: -0.0012817844}
    - {x: -0.6206765, y: -0.78398305, z: -0.011457591}
    - {x: -0.02610774, y: -0.99965847, z: -0.0011328694}
    - {x: -0.65753615, y: -0.7534229, z: -0.0001510581}
    - {x: -0.000021707112, y: -0.9999994, z: -0.0010924096}
    - {x: -0.027219532, y: -0.9996294, z: 0.00040959907}
    - {x: -0.67537576, y: -0.73717886, z: 0.020856533}
    - {x: -0.000020449052, y: -0.9999994, z: -0.0011000513}
    - {x: -0.03831097, y: -0.9992654, z: 0.00092481}
    - {x: -0.7216729, y: -0.6921133, z: 0.012943343}
    - {x: 0.0024980651, y: -0.9999918, z: -0.0031908858}
    - {x: -0.0385782, y: -0.9992329, z: -0.0067380797}
    - {x: -0.73582363, y: -0.6752565, z: -0.05091518}
    - {x: 0.008633711, y: -0.9999609, z: 0.0019472281}
    - {x: 0.019995334, y: -0.93964994, z: 0.34155247}
    - {x: -0.046200894, y: -0.9989135, z: 0.0060991067}
    - {x: -0.6432459, y: -0.7636674, z: 0.055199083}
    - {x: -0.051401768, y: -0.8959725, z: 0.44112483}
    - {x: -0.49012446, y: -0.7722481, z: 0.40424103}
    - {x: 0.0053898604, y: -0.76393014, z: -0.6452764}
    - {x: 0.6350864, y: 0.37639856, z: -0.67452896}
    - {x: 0.38413653, y: -0.58583164, z: -0.7136108}
    - {x: 0.0046150046, y: 0.5603227, z: -0.82826144}
    - {x: 0.74262065, y: 0.3467219, z: -0.5729734}
    - {x: 0.01182232, y: 0.64948654, z: -0.76028115}
    - {x: 0.0040377723, y: 0.58079433, z: -0.8140403}
    - {x: 0.053086244, y: -0.7721854, z: -0.63317573}
    - {x: 0.019348815, y: 0.5977268, z: -0.8014664}
    - {x: 0.012681434, y: 0.5874267, z: -0.80917805}
    - {x: 0.047018908, y: 0.5050605, z: -0.8618022}
    - {x: 0.027441615, y: -0.7970139, z: -0.6033372}
    - {x: 0.00061419426, y: 0.56769586, z: -0.82323813}
    - {x: -0.004275077, y: -0.82453525, z: -0.56579435}
    - {x: -0.0007341951, y: 0.44873333, z: -0.89366543}
    - {x: 0.015326227, y: 0.3999583, z: -0.9164052}
    - {x: -0.002639585, y: 0.536828, z: -0.8436876}
    - {x: 0.017853657, y: -0.8832899, z: -0.46848723}
    - {x: -0.028598921, y: 0.27986935, z: -0.9596121}
    - {x: -0.010162726, y: 0.53340113, z: -0.84580135}
    - {x: -0.009321815, y: -0.8993554, z: -0.4371189}
    - {x: -0.25221425, y: 0.57614785, z: -0.7774585}
    - {x: -0.22441353, y: 0.21326205, z: -0.9508721}
    - {x: -0.34108105, y: -0.7830306, z: -0.5201219}
    - {x: -0.86214906, y: 0.36498496, z: -0.35140434}
    - {x: -0.7959702, y: 0.3004321, z: -0.5255206}
    - {x: -0.7138819, y: -0.60063624, z: -0.36001197}
    - {x: -0.86214906, y: 0.36498496, z: -0.35140434}
    - {x: -0.7138819, y: -0.60063624, z: -0.36001197}
    - {x: -0.7959702, y: 0.3004321, z: -0.5255206}
    - {x: -0.5360342, y: -0.84419537, z: -0.0012184684}
    - {x: -0.98890287, y: -0.14856356, z: -0.00018787634}
    - {x: -0.7987938, y: -0.031046195, z: -0.6008033}
    - {x: -0.6206765, y: -0.78398305, z: -0.011457591}
    - {x: -0.6715628, y: 0.74049264, z: -0.02596483}
    - {x: -0.63601965, y: 0.5534163, z: -0.5377819}
    - {x: -0.99993086, y: 0.007348576, z: -0.009182551}
    - {x: -0.65753615, y: -0.7534229, z: -0.0001510581}
    - {x: -0.6319503, y: 0.7749924, z: -0.005053498}
    - {x: -0.99953866, y: 0.029933672, z: -0.0051537137}
    - {x: -0.67537576, y: -0.73717886, z: 0.020856533}
    - {x: -0.6406833, y: 0.76761556, z: 0.017066475}
    - {x: -0.9968823, y: 0.038642142, z: 0.06879274}
    - {x: -0.7216729, y: -0.6921133, z: 0.012943343}
    - {x: -0.65311736, y: 0.7570845, z: 0.01614967}
    - {x: -0.99955326, y: 0.026279079, z: 0.014233372}
    - {x: -0.73582363, y: -0.6752565, z: -0.05091518}
    - {x: -0.67386526, y: 0.73878175, z: 0.010345866}
    - {x: -0.9950913, y: -0.09810613, z: 0.012977778}
    - {x: -0.6432459, y: -0.7636674, z: 0.055199083}
    - {x: -0.7344344, y: 0.67861426, z: -0.009423065}
    - {x: -0.980145, y: -0.18603039, z: 0.06861874}
    - {x: -0.49012446, y: -0.7722481, z: 0.40424103}
    - {x: -0.75646275, y: 0.6496707, z: 0.0754455}
    - {x: -0.73058635, y: -0.04115651, z: 0.6815789}
    - {x: -0.55268174, y: 0.6898292, z: 0.46763077}
    - {x: 0.566225, y: -0.8195015, z: 0.08835431}
    - {x: 0.5341196, y: 0.08902111, z: 0.840709}
    - {x: 0.3928344, y: -0.7597706, z: 0.5181021}
    - {x: 0.95287627, y: 0.13818704, z: 0.27005777}
    - {x: 0.26410127, y: 0.8085925, z: 0.5257648}
    - {x: 0.5806904, y: -0.8136256, z: 0.028498026}
    - {x: 0.4525205, y: 0.8881011, z: 0.08063268}
    - {x: 0.9870358, y: 0.15577558, z: 0.038656015}
    - {x: 0.6053069, y: -0.7959832, z: -0.003786582}
    - {x: 0.43480998, y: 0.9003158, z: 0.019280659}
    - {x: 0.9809677, y: 0.19298437, z: 0.021431768}
    - {x: 0.606987, y: -0.7937379, z: -0.0393312}
    - {x: 0.4339882, y: 0.9006948, z: 0.02008029}
    - {x: 0.9914101, y: 0.117492795, z: -0.057458732}
    - {x: 0.60799575, y: -0.7938886, z: -0.009061073}
    - {x: 0.47941932, y: 0.8773678, z: -0.019567715}
    - {x: 0.9968592, y: 0.07895129, z: 0.0062006586}
    - {x: 0.6322303, y: -0.77459127, z: 0.017121723}
    - {x: 0.5380606, y: 0.84272134, z: 0.017651249}
    - {x: 0.99794763, y: -0.048134144, z: 0.042232066}
    - {x: 0.6581015, y: -0.75290054, z: -0.006567589}
    - {x: 0.9999846, y: 0.0055278875, z: 0.0003860105}
    - {x: 0.6479051, y: 0.76088053, z: 0.035775024}
    - {x: 0.745473, y: -0.65926915, z: -0.098153695}
    - {x: 0.6428232, y: 0.76460963, z: -0.046373125}
    - {x: 0.74262065, y: 0.3467219, z: -0.5729734}
    - {x: 0.5193278, y: 0.76080394, z: -0.38919917}
    - {x: 0.7033044, y: 0.28531128, z: -0.6511224}
    - {x: -0.7987938, y: -0.031046195, z: -0.6008033}
    - {x: -0.25221425, y: 0.57614785, z: -0.7774585}
    - {x: -0.7959702, y: 0.3004321, z: -0.5255206}
    - {x: -0.09190813, y: 0.10744169, z: -0.9899541}
    - {x: -0.63601965, y: 0.5534163, z: -0.5377819}
    - {x: -0.010162726, y: 0.53340113, z: -0.84580135}
    - {x: -0.08915247, y: 0.7849796, z: -0.61307335}
    - {x: -0.00850895, y: 0.18621477, z: -0.9824722}
    - {x: -0.002639585, y: 0.536828, z: -0.8436876}
    - {x: -0.007034242, y: 0.8527984, z: -0.52219296}
    - {x: -0.0025161705, y: 0.15523502, z: -0.9878743}
    - {x: 0.00061419426, y: 0.56769586, z: -0.82323813}
    - {x: 0.0040328014, y: 0.84612733, z: -0.5329655}
    - {x: 0.0013065558, y: 0.17091182, z: -0.98528546}
    - {x: 0.012681434, y: 0.5874267, z: -0.80917805}
    - {x: -0.000079001744, y: 0.84728944, z: -0.5311314}
    - {x: 0.014068056, y: 0.19835182, z: -0.9800299}
    - {x: 0.0040377723, y: 0.58079433, z: -0.8140403}
    - {x: 0.0031698598, y: 0.84823376, z: -0.52961254}
    - {x: 0.019358419, y: 0.18460315, z: -0.9826225}
    - {x: 0.01182232, y: 0.64948654, z: -0.76028115}
    - {x: 0.01035206, y: 0.84044623, z: -0.54179615}
    - {x: 0.02453049, y: 0.3001664, z: -0.95357144}
    - {x: 0.74262065, y: 0.3467219, z: -0.5729734}
    - {x: 0.05244201, y: 0.88193107, z: -0.4684522}
    - {x: 0.7033044, y: 0.28531128, z: -0.6511224}
    - {x: 0.5193278, y: 0.76080394, z: -0.38919917}
    - {x: -0.051401768, y: -0.8959725, z: 0.44112483}
    - {x: -0.73058635, y: -0.04115651, z: 0.6815789}
    - {x: -0.49012446, y: -0.7722481, z: 0.40424103}
    - {x: -0.073966056, y: -0.13134412, z: 0.98857355}
    - {x: -0.55268174, y: 0.6898292, z: 0.46763077}
    - {x: 0.019995334, y: -0.93964994, z: 0.34155247}
    - {x: -0.052969735, y: 0.8308116, z: 0.5540273}
    - {x: 0.011822481, y: -0.30598184, z: 0.9519639}
    - {x: 0.0070047705, y: -0.94764084, z: 0.31926137}
    - {x: -0.0021650924, y: 0.76883245, z: 0.63944656}
    - {x: 0.0010116796, y: -0.38465646, z: 0.92305934}
    - {x: -0.003452199, y: -0.9312315, z: 0.3644119}
    - {x: -0.0019620361, y: 0.7261127, z: 0.6875729}
    - {x: -0.0071801064, y: -0.32764027, z: 0.9447752}
    - {x: -0.0046447683, y: -0.9185139, z: 0.39536142}
    - {x: -0.0040776245, y: 0.73071426, z: 0.68267125}
    - {x: -0.010500567, y: -0.2834466, z: 0.9589305}
    - {x: -0.009199111, y: -0.9164083, z: 0.400139}
    - {x: -0.006815382, y: 0.7509237, z: 0.66035384}
    - {x: -0.004378776, y: -0.21913825, z: 0.975684}
    - {x: 0.023854362, y: -0.8960863, z: 0.4432385}
    - {x: -0.0067534787, y: 0.7805704, z: 0.6250315}
    - {x: 0.03454186, y: -0.12516858, z: 0.99153405}
    - {x: 0.3928344, y: -0.7597706, z: 0.5181021}
    - {x: -0.0024789097, y: 0.8174502, z: 0.57599384}
    - {x: 0.5341196, y: 0.08902111, z: 0.840709}
    - {x: 0.26410127, y: 0.8085925, z: 0.5257648}
    - {x: 0.05244201, y: 0.88193107, z: -0.4684522}
    - {x: 0.6428232, y: 0.76460963, z: -0.046373125}
    - {x: 0.5193278, y: 0.76080394, z: -0.38919917}
    - {x: 0.028035253, y: 0.9984004, z: -0.0490975}
    - {x: 0.01035206, y: 0.84044623, z: -0.54179615}
    - {x: 0.6479051, y: 0.76088053, z: 0.035775024}
    - {x: 0.0021357995, y: 0.9991375, z: -0.04146933}
    - {x: 0.0031698598, y: 0.84823376, z: -0.52961254}
    - {x: 0.014089292, y: 0.9998791, z: 0.0065750717}
    - {x: 0.5380606, y: 0.84272134, z: 0.017651249}
    - {x: -0.0006422277, y: 0.9991598, z: -0.04097762}
    - {x: -0.000079001744, y: 0.84728944, z: -0.5311314}
    - {x: 0.008985308, y: 0.9999374, z: 0.00667219}
    - {x: 0.010059779, y: 0.9999362, z: 0.005145847}
    - {x: 0.47941932, y: 0.8773678, z: -0.019567715}
    - {x: 0.0004960807, y: 0.9992551, z: -0.038584758}
    - {x: 0.0040328014, y: 0.84612733, z: -0.5329655}
    - {x: -0.0021368004, y: 0.9999846, z: 0.0051223272}
    - {x: 0.008945775, y: 0.99994874, z: 0.0047488096}
    - {x: 0.4339882, y: 0.9006948, z: 0.02008029}
    - {x: 0.009004853, y: 0.9999232, z: 0.008519988}
    - {x: 0.0014562019, y: 0.9993412, z: -0.036264367}
    - {x: -0.007034242, y: 0.8527984, z: -0.52219296}
    - {x: 0.01242317, y: 0.99986887, z: 0.010393541}
    - {x: 0.43480998, y: 0.9003158, z: 0.019280659}
    - {x: -0.0005584401, y: 0.9999809, z: 0.0061495923}
    - {x: -0.0011581087, y: 0.99995744, z: 0.009149954}
    - {x: 0.0045238724, y: 0.9999713, z: 0.0060942}
    - {x: -0.00647569, y: 0.9994318, z: -0.033076547}
    - {x: -0.08915247, y: 0.7849796, z: -0.61307335}
    - {x: 0.019560473, y: 0.99978703, z: 0.0065871454}
    - {x: 0.4525205, y: 0.8881011, z: 0.08063268}
    - {x: 0.002510645, y: 0.9999831, z: 0.005250457}
    - {x: 0.0051946356, y: 0.9999677, z: 0.0061344947}
    - {x: -0.00029877247, y: 0.99997497, z: 0.0070814113}
    - {x: 0.0008997611, y: 0.9999747, z: 0.0070515336}
    - {x: -0.029878236, y: 0.9991073, z: -0.029862719}
    - {x: -0.63601965, y: 0.5534163, z: -0.5377819}
    - {x: -0.6715628, y: 0.74049264, z: -0.02596483}
    - {x: 0.0010908609, y: 0.9999989, z: -0.0010543411}
    - {x: -0.0372504, y: 0.99929976, z: -0.003524583}
    - {x: -0.6319503, y: 0.7749924, z: -0.005053498}
    - {x: 0.0018152671, y: 0.99996364, z: 0.008335005}
    - {x: 0.0005700267, y: 0.9999776, z: 0.006670683}
    - {x: 0.00017612454, y: 0.9999858, z: 0.0053252596}
    - {x: 0.000039630642, y: 0.99987125, z: 0.016048107}
    - {x: -0.0436911, y: 0.9987307, z: 0.025058808}
    - {x: -0.6406833, y: 0.76761556, z: 0.017066475}
    - {x: 0.0011561408, y: 0.9999857, z: 0.005232103}
    - {x: -0.028742276, y: 0.99949586, z: -0.013487946}
    - {x: -0.65311736, y: 0.7570845, z: 0.01614967}
    - {x: 0.000056257715, y: 0.99999976, z: -0.000737694}
    - {x: 0.00032994457, y: 0.9999789, z: 0.0065008337}
    - {x: 0.004495331, y: 0.99996364, z: 0.0072443434}
    - {x: -0.011945797, y: 0.9999025, z: 0.007237098}
    - {x: -0.67386526, y: 0.73878175, z: 0.010345866}
    - {x: 0.0073075388, y: 0.99995077, z: 0.006720648}
    - {x: 0.002689298, y: 0.99997354, z: 0.006767287}
    - {x: 0.0009776554, y: 0.99996793, z: 0.007946394}
    - {x: 0.0135317845, y: 0.99951386, z: 0.028088735}
    - {x: 0.26410127, y: 0.8085925, z: 0.5257648}
    - {x: -0.0024789097, y: 0.8174502, z: 0.57599384}
    - {x: -0.0042229574, y: 0.99925023, z: 0.038485948}
    - {x: -0.0067534787, y: 0.7805704, z: 0.6250315}
    - {x: -0.0017906686, y: 0.9989164, z: 0.046507206}
    - {x: -0.006815382, y: 0.7509237, z: 0.66035384}
    - {x: -0.00011075182, y: 0.9999788, z: 0.0065186042}
    - {x: -0.0024990705, y: 0.99860173, z: 0.052804027}
    - {x: -0.0040776245, y: 0.73071426, z: 0.68267125}
    - {x: 0.0013099749, y: 0.9999695, z: 0.0077051334}
    - {x: -0.00080170226, y: 0.9984055, z: 0.056443334}
    - {x: -0.0019620361, y: 0.7261127, z: 0.6875729}
    - {x: 0.00022651213, y: 0.9998752, z: 0.01579886}
    - {x: -0.0037111675, y: 0.9985104, z: 0.054435153}
    - {x: -0.0021650924, y: 0.76883245, z: 0.63944656}
    - {x: -0.016949173, y: 0.999388, z: 0.030599717}
    - {x: -0.7344344, y: 0.67861426, z: -0.009423065}
    - {x: -0.02987114, y: 0.9987645, z: 0.039713047}
    - {x: -0.052969735, y: 0.8308116, z: 0.5540273}
    - {x: -0.75646275, y: 0.6496707, z: 0.0754455}
    - {x: -0.55268174, y: 0.6898292, z: 0.46763077}
    - {x: 0.6293398, y: -0.73666066, z: 0.24751246}
    - {x: 0.8823376, y: -0.03288485, z: -0.46946654}
    - {x: 0.9685021, y: 0.111847416, z: -0.22247194}
    - {x: 0.17028116, y: -0.7828237, z: -0.598491}
    - {x: -0.14974292, y: -0.7525433, z: -0.6412922}
    - {x: 0.56042325, y: -0.82123184, z: 0.107256666}
    - {x: -0.359969, y: -0.9289193, z: -0.08678218}
    - {x: 0.42828542, y: -0.87449497, z: 0.22766258}
    - {x: 0.09550804, y: -0.8277179, z: -0.5529568}
    - {x: -0.33387765, y: -0.94148535, z: 0.046164617}
    - {x: 0.43024275, y: -0.8699162, z: 0.24111608}
    - {x: -0.098434255, y: -0.99482167, z: -0.025310265}
    - {x: 0.14786193, y: -0.880483, z: -0.45042938}
    - {x: -0.17770676, y: -0.98309225, z: 0.044159263}
    - {x: 0.54071885, y: -0.8357663, z: 0.0954871}
    - {x: 0.0056574456, y: -0.99949026, z: 0.031418223}
    - {x: 0.12473721, y: -0.9444578, z: -0.30403966}
    - {x: -0.1044794, y: -0.9940446, z: 0.030974608}
    - {x: -0.032533783, y: -0.9988329, z: -0.035700068}
    - {x: 0.5659697, y: -0.81520355, z: 0.12296923}
    - {x: 0.015152184, y: -0.9956285, z: 0.0921642}
    - {x: 0.14022958, y: -0.9857557, z: 0.092851646}
    - {x: 0.016034251, y: -0.9997782, z: 0.013656792}
    - {x: -0.04764744, y: -0.99885607, z: 0.0040327874}
    - {x: 0.008279168, y: -0.9999654, z: -0.0007431392}
    - {x: 0.5083624, y: -0.853617, z: 0.1136029}
    - {x: 0.02387592, y: -0.98142964, z: 0.19033083}
    - {x: 0.020157693, y: -0.9764024, z: 0.2150161}
    - {x: -0.046047043, y: -0.9973086, z: -0.05705431}
    - {x: -0.00045852235, y: -0.99991536, z: -0.013004744}
    - {x: 0.029050851, y: -0.9985166, z: 0.046050906}
    - {x: 0.005553275, y: -0.99992776, z: -0.010663285}
    - {x: 0.54700154, y: -0.8216118, z: -0.16044736}
    - {x: -0.019132983, y: -0.9750235, z: 0.22127594}
    - {x: -0.38533717, y: -0.8979547, z: 0.21258532}
    - {x: -0.02278127, y: -0.9993048, z: -0.029513944}
    - {x: 0.0015555746, y: -0.99996316, z: -0.008444529}
    - {x: 0.014126363, y: -0.99948406, z: 0.028843742}
    - {x: 0.0078010135, y: -0.9999591, z: -0.0045864927}
    - {x: 0.035079025, y: -0.9840424, z: -0.17444226}
    - {x: 0.4571693, y: -0.87519574, z: -0.15820448}
    - {x: 0.08973301, y: -0.9715072, z: -0.2193669}
    - {x: 0.0010130949, y: -0.9999237, z: -0.012309945}
    - {x: -0.00026263567, y: -0.9907685, z: -0.13556466}
    - {x: -0.042243622, y: -0.9951006, z: -0.08938804}
    - {x: -0.011647538, y: -0.9984255, z: -0.05487249}
    - {x: 0.036138147, y: -0.9991708, z: 0.018757107}
    - {x: -0.0058743414, y: -0.99976903, z: -0.02067569}
    - {x: -0.008247135, y: -0.9957683, z: -0.09152806}
    - {x: -0.092975326, y: -0.9919248, z: 0.086259544}
    - {x: 0.026093768, y: -0.9991393, z: -0.03224545}
    - {x: -0.00013698974, y: -0.9999975, z: 0.0022448571}
    - {x: -0.0033941017, y: -0.9984785, z: -0.055039197}
    - {x: -0.08797658, y: -0.97711885, z: 0.19364598}
    - {x: 0.0031141192, y: -0.9996941, z: -0.0245368}
    - {x: 0.007554473, y: -0.9999356, z: 0.008464109}
    - {x: -0.008086739, y: -0.9998908, z: -0.012364882}
    - {x: 0.0052323192, y: -0.9992387, z: -0.038661033}
    - {x: -0.049418136, y: -0.9771152, z: 0.20689061}
    - {x: 0.006603326, y: -0.99989223, z: -0.013108868}
    - {x: 0.0035939463, y: -0.9997763, z: -0.020844834}
    - {x: 0.00069899956, y: -0.9999833, z: -0.0057455306}
    - {x: -0.08994884, y: -0.9636975, z: 0.2513886}
    - {x: -0.713268, y: -0.63773775, z: 0.29075637}
    - {x: -0.5947142, y: -0.73614395, z: 0.32312092}
    - {x: -0.018150846, y: -0.99941146, z: -0.029105708}
    - {x: -0.54736763, y: -0.81933063, z: -0.1705458}
    - {x: 0.0059660138, y: -0.9998406, z: -0.016824227}
    - {x: -0.5772809, y: -0.79763216, z: -0.17472729}
    - {x: 0.006602733, y: -0.99997425, z: 0.0028143912}
    - {x: 0.049374152, y: -0.9987478, z: -0.0080653485}
    - {x: -0.5264436, y: -0.8329979, z: -0.17021048}
    - {x: 0.031002574, y: -0.9992454, z: -0.023397993}
    - {x: 0.1846743, y: -0.98075074, z: -0.06343024}
    - {x: -0.5012529, y: -0.8413789, z: -0.20205715}
    - {x: 0.13056605, y: -0.99025553, z: -0.048440456}
    - {x: 0.32015768, y: -0.94176406, z: -0.10285697}
    - {x: -0.5120821, y: -0.821807, z: -0.24981007}
    - {x: 0.23101227, y: -0.97258943, z: -0.026518274}
    - {x: 0.17284164, y: -0.93893445, z: 0.2975364}
    - {x: 0.32617873, y: -0.94513214, z: 0.018242277}
    - {x: -0.48791182, y: -0.8726053, z: 0.02240353}
    - {x: 0.23317829, y: -0.8671949, z: 0.440001}
    - {x: -0.37028426, y: -0.8422864, z: 0.3917182}
    - {x: -0.14974292, y: -0.7525433, z: -0.6412922}
    - {x: 0.8823376, y: -0.03288485, z: -0.46946654}
    - {x: 0.17028116, y: -0.7828237, z: -0.598491}
    - {x: 0.33242443, y: 0.52225024, z: -0.7853335}
    - {x: 0.9685021, y: 0.111847416, z: -0.22247194}
    - {x: 0.52027816, y: 0.4460757, z: -0.7282356}
    - {x: 0.18590504, y: 0.48433223, z: -0.8549044}
    - {x: 0.09550804, y: -0.8277179, z: -0.5529568}
    - {x: 0.17438492, y: 0.494632, z: -0.8514277}
    - {x: 0.16102682, y: 0.4366952, z: -0.88508064}
    - {x: 0.18722785, y: 0.33997685, z: -0.92160815}
    - {x: 0.14786193, y: -0.880483, z: -0.45042938}
    - {x: 0.14267701, y: 0.340085, z: -0.9295082}
    - {x: 0.12473721, y: -0.9444578, z: -0.30403966}
    - {x: 0.14794324, y: 0.05721115, z: -0.98733974}
    - {x: 0.2003825, y: -0.2067385, z: -0.95765644}
    - {x: 0.16603534, y: 0.06938825, z: -0.98367554}
    - {x: 0.14022958, y: -0.9857557, z: 0.092851646}
    - {x: 0.049769413, y: -0.5130248, z: -0.85692966}
    - {x: 0.16143852, y: -0.16750422, z: -0.9725636}
    - {x: 0.020157693, y: -0.9764024, z: 0.2150161}
    - {x: -0.31998885, y: -0.20914848, z: -0.92404765}
    - {x: -0.321908, y: -0.48041415, z: -0.81582934}
    - {x: -0.38533717, y: -0.8979547, z: 0.21258532}
    - {x: -0.9262536, y: -0.12713388, z: -0.3548116}
    - {x: -0.84792256, y: -0.20731005, z: -0.48790357}
    - {x: -0.713268, y: -0.63773775, z: 0.29075637}
    - {x: -0.9262536, y: -0.12713388, z: -0.3548116}
    - {x: -0.713268, y: -0.63773775, z: 0.29075637}
    - {x: -0.84792256, y: -0.20731005, z: -0.48790357}
    - {x: -0.5947142, y: -0.73614395, z: 0.32312092}
    - {x: -0.9966223, y: -0.076018564, z: 0.03106667}
    - {x: -0.8255304, y: -0.455766, z: -0.3328316}
    - {x: -0.54736763, y: -0.81933063, z: -0.1705458}
    - {x: -0.6340251, y: 0.704061, z: -0.3198598}
    - {x: -0.64300054, y: 0.082593925, z: -0.76139903}
    - {x: -0.9672445, y: -0.06647271, z: -0.24498864}
    - {x: -0.5772809, y: -0.79763216, z: -0.17472729}
    - {x: -0.6493873, y: 0.7486523, z: -0.13347584}
    - {x: -0.95969754, y: -0.051419623, z: -0.27629074}
    - {x: -0.5264436, y: -0.8329979, z: -0.17021048}
    - {x: -0.67451906, y: 0.7215233, z: -0.1562952}
    - {x: -0.9599182, y: -0.16917178, z: -0.22346781}
    - {x: -0.5012529, y: -0.8413789, z: -0.20205715}
    - {x: -0.73774445, y: 0.6522019, z: -0.17425792}
    - {x: -0.9627326, y: -0.18503673, z: -0.19724916}
    - {x: -0.5120821, y: -0.821807, z: -0.24981007}
    - {x: -0.84472156, y: 0.5241724, z: -0.10811431}
    - {x: -0.9881187, y: -0.14000784, z: -0.06339641}
    - {x: -0.48791182, y: -0.8726053, z: 0.02240353}
    - {x: -0.9324654, y: 0.3524657, z: -0.07922322}
    - {x: -0.98062986, y: -0.19285212, z: -0.03425189}
    - {x: -0.37028426, y: -0.8422864, z: 0.3917182}
    - {x: -0.90499115, y: 0.42495957, z: 0.020011699}
    - {x: -0.81990606, y: -0.19166858, z: 0.5394601}
    - {x: -0.81429654, y: 0.47646666, z: 0.33151272}
    - {x: 0.54700154, y: -0.8216118, z: -0.16044736}
    - {x: 0.52974856, y: -0.5692636, z: 0.6287333}
    - {x: 0.4571693, y: -0.87519574, z: -0.15820448}
    - {x: 0.9362039, y: 0.012744575, z: 0.35122597}
    - {x: 0.14252833, y: 0.26278326, z: 0.9542697}
    - {x: 0.5083624, y: -0.853617, z: 0.1136029}
    - {x: 0.417489, y: 0.78394336, z: 0.45949504}
    - {x: 0.9718178, y: 0.07728043, z: 0.22270592}
    - {x: 0.5659697, y: -0.81520355, z: 0.12296923}
    - {x: 0.45896244, y: 0.8787072, z: 0.13125244}
    - {x: 0.9585792, y: 0.1555264, z: 0.23861565}
    - {x: 0.54071885, y: -0.8357663, z: 0.0954871}
    - {x: 0.44638574, y: 0.88634825, z: 0.12299012}
    - {x: 0.9836965, y: 0.047058888, z: 0.17357011}
    - {x: 0.43024275, y: -0.8699162, z: 0.24111608}
    - {x: 0.52447426, y: 0.84689605, z: 0.08771463}
    - {x: 0.97984046, y: 0.021144032, z: 0.19865926}
    - {x: 0.42828542, y: -0.87449497, z: 0.22766258}
    - {x: 0.6490729, y: 0.7607251, z: -0.0013299363}
    - {x: 0.99390936, y: 0.04315395, z: 0.10140033}
    - {x: 0.56042325, y: -0.82123184, z: 0.107256666}
    - {x: 0.92809975, y: 0.35432944, z: 0.114374645}
    - {x: 0.8612137, y: 0.5062527, z: -0.044934794}
    - {x: 0.6293398, y: -0.73666066, z: 0.24751246}
    - {x: 0.80019283, y: 0.5867291, z: 0.12425915}
    - {x: 0.9685021, y: 0.111847416, z: -0.22247194}
    - {x: 0.942418, y: 0.27725855, z: 0.18701872}
    - {x: 0.9840681, y: -0.060997628, z: -0.16700071}
    - {x: -0.8255304, y: -0.455766, z: -0.3328316}
    - {x: -0.31998885, y: -0.20914848, z: -0.92404765}
    - {x: -0.84792256, y: -0.20731005, z: -0.48790357}
    - {x: -0.100397624, y: -0.6267286, z: -0.7727429}
    - {x: -0.64300054, y: 0.082593925, z: -0.76139903}
    - {x: 0.16143852, y: -0.16750422, z: -0.9725636}
    - {x: 0.006097489, y: 0.27488258, z: -0.96145844}
    - {x: 0.06267463, y: -0.53851527, z: -0.8402816}
    - {x: 0.16603534, y: 0.06938825, z: -0.98367554}
    - {x: 0.105865225, y: 0.51859665, z: -0.84843975}
    - {x: 0.26098368, y: -0.3123185, z: -0.9134247}
    - {x: 0.14267701, y: 0.340085, z: -0.9295082}
    - {x: 0.14683083, y: 0.6005931, z: -0.78595716}
    - {x: 0.2343824, y: -0.12258185, z: -0.9643851}
    - {x: 0.16102682, y: 0.4366952, z: -0.88508064}
    - {x: 0.13416336, y: 0.7168339, z: -0.6842144}
    - {x: 0.20978567, y: 0.047471978, z: -0.97659427}
    - {x: 0.18590504, y: 0.48433223, z: -0.8549044}
    - {x: 0.11159353, y: 0.7804665, z: -0.61515766}
    - {x: 0.21759188, y: 0.115576655, z: -0.9691728}
    - {x: 0.52027816, y: 0.4460757, z: -0.7282356}
    - {x: 0.19761567, y: 0.8113224, z: -0.55018556}
    - {x: 0.409746, y: 0.25548998, z: -0.87569016}
    - {x: 0.9685021, y: 0.111847416, z: -0.22247194}
    - {x: 0.6284735, y: 0.738255, z: -0.24495012}
    - {x: 0.9840681, y: -0.060997628, z: -0.16700071}
    - {x: 0.942418, y: 0.27725855, z: 0.18701872}
    - {x: 0.23317829, y: -0.8671949, z: 0.440001}
    - {x: -0.81990606, y: -0.19166858, z: 0.5394601}
    - {x: -0.37028426, y: -0.8422864, z: 0.3917182}
    - {x: -0.183542, y: -0.22074337, z: 0.9579064}
    - {x: -0.81429654, y: 0.47646666, z: 0.33151272}
    - {x: 0.17284164, y: -0.93893445, z: 0.2975364}
    - {x: -0.4903738, y: 0.6770439, z: 0.54876685}
    - {x: -0.12388968, y: -0.32618827, z: 0.9371513}
    - {x: -0.049418136, y: -0.9771152, z: 0.20689061}
    - {x: -0.2692622, y: 0.6795962, z: 0.6823833}
    - {x: -0.18007746, y: -0.50217426, z: 0.8458091}
    - {x: -0.08797658, y: -0.97711885, z: 0.19364598}
    - {x: -0.13987464, y: 0.6464728, z: 0.75000536}
    - {x: -0.21177484, y: -0.49264196, z: 0.8440707}
    - {x: -0.092975326, y: -0.9919248, z: 0.086259544}
    - {x: -0.14592642, y: 0.6160694, z: 0.7740568}
    - {x: -0.21191263, y: -0.62414455, z: 0.7520218}
    - {x: -0.042243622, y: -0.9951006, z: -0.08938804}
    - {x: -0.125235, y: 0.5330244, z: 0.8367803}
    - {x: -0.091641895, y: -0.7791577, z: 0.62009287}
    - {x: 0.08973301, y: -0.9715072, z: -0.2193669}
    - {x: -0.08564967, y: 0.4033654, z: 0.91102165}
    - {x: 0.0047752173, y: -0.8117758, z: 0.5839496}
    - {x: 0.4571693, y: -0.87519574, z: -0.15820448}
    - {x: -0.11767694, y: 0.31542268, z: 0.94162655}
    - {x: 0.52974856, y: -0.5692636, z: 0.6287333}
    - {x: 0.14252833, y: 0.26278326, z: 0.9542697}
    - {x: 0.6284735, y: 0.738255, z: -0.24495012}
    - {x: 0.80019283, y: 0.5867291, z: 0.12425915}
    - {x: 0.942418, y: 0.27725855, z: 0.18701872}
    - {x: 0.60513496, y: 0.7860715, z: 0.12610836}
    - {x: 0.19761567, y: 0.8113224, z: -0.55018556}
    - {x: 0.8612137, y: 0.5062527, z: -0.044934794}
    - {x: 0.16219692, y: 0.986746, z: 0.0049415566}
    - {x: 0.11159353, y: 0.7804665, z: -0.61515766}
    - {x: 0.42852458, y: 0.90137494, z: -0.06236913}
    - {x: 0.6490729, y: 0.7607251, z: -0.0013299363}
    - {x: 0.009053232, y: 0.99788994, z: -0.06429448}
    - {x: 0.13416336, y: 0.7168339, z: -0.6842144}
    - {x: 0.15560016, y: 0.98757523, z: -0.021994667}
    - {x: 0.2017335, y: 0.97845995, z: -0.04381528}
    - {x: 0.52447426, y: 0.84689605, z: 0.08771463}
    - {x: 0.001929863, y: 0.99503964, z: -0.09946073}
    - {x: 0.14683083, y: 0.6005931, z: -0.78595716}
    - {x: -0.0177523, y: 0.9997422, z: -0.014154261}
    - {x: 0.05660857, y: 0.9977265, z: 0.036568873}
    - {x: 0.44638574, y: 0.88634825, z: 0.12299012}
    - {x: 0.07134358, y: 0.9974509, z: -0.0013432878}
    - {x: -0.0004973633, y: 0.9889858, z: -0.1480101}
    - {x: 0.105865225, y: 0.51859665, z: -0.84843975}
    - {x: 0.020475948, y: 0.99970967, z: 0.012697304}
    - {x: 0.45896244, y: 0.8787072, z: 0.13125244}
    - {x: -0.0022871604, y: 0.9998903, z: 0.0146357445}
    - {x: -0.02886316, y: 0.999166, z: -0.028880462}
    - {x: 0.044655513, y: 0.9974063, z: 0.056448597}
    - {x: 0.018807746, y: 0.9776177, z: -0.20954712}
    - {x: 0.006097489, y: 0.27488258, z: -0.96145844}
    - {x: 0.036114905, y: 0.9987669, z: 0.034066536}
    - {x: 0.417489, y: 0.78394336, z: 0.45949504}
    - {x: -0.00019175968, y: 0.99998605, z: 0.005288611}
    - {x: 0.026730506, y: 0.99916184, z: 0.030999556}
    - {x: -0.008790228, y: 0.999796, z: -0.018189207}
    - {x: 0.0023669905, y: 0.9998036, z: 0.019676512}
    - {x: 0.019878117, y: 0.97619927, z: -0.21596286}
    - {x: -0.64300054, y: 0.082593925, z: -0.76139903}
    - {x: -0.6340251, y: 0.704061, z: -0.3198598}
    - {x: 0.011712351, y: 0.99992967, z: 0.0018641696}
    - {x: -0.045678057, y: 0.9989512, z: -0.0031615787}
    - {x: -0.6493873, y: 0.7486523, z: -0.13347584}
    - {x: 0.00015424789, y: 0.99998236, z: 0.0059403246}
    - {x: -0.024163907, y: 0.99963284, z: -0.012256854}
    - {x: 0.01580101, y: 0.9985253, z: 0.051939283}
    - {x: -0.0036985755, y: 0.99978286, z: 0.02050739}
    - {x: -0.07653332, y: 0.9968266, z: 0.021897206}
    - {x: -0.67451906, y: 0.7215233, z: -0.1562952}
    - {x: -0.007375839, y: 0.99996066, z: -0.004930979}
    - {x: -0.09316667, y: 0.9954373, z: -0.020601949}
    - {x: -0.73774445, y: 0.6522019, z: -0.17425792}
    - {x: -0.009004259, y: 0.9999454, z: -0.0053073415}
    - {x: -0.018441223, y: 0.99919647, z: 0.03558633}
    - {x: -0.00081170833, y: 0.9997799, z: 0.020965364}
    - {x: -0.25197816, y: 0.96621054, z: 0.054260604}
    - {x: -0.84472156, y: 0.5241724, z: -0.10811431}
    - {x: -0.03600017, y: 0.99903774, z: 0.025050687}
    - {x: -0.0075538293, y: 0.9997917, z: 0.01896387}
    - {x: 0.008089717, y: 0.99952924, z: 0.029594952}
    - {x: -0.0035133546, y: 0.97718644, z: 0.2123545}
    - {x: 0.14252833, y: 0.26278326, z: 0.9542697}
    - {x: -0.11767694, y: 0.31542268, z: 0.94162655}
    - {x: -0.004432795, y: 0.9741639, z: 0.22579888}
    - {x: -0.08564967, y: 0.4033654, z: 0.91102165}
    - {x: 0.0077757104, y: 0.98495805, z: 0.17261836}
    - {x: -0.125235, y: 0.5330244, z: 0.8367803}
    - {x: -0.0012256317, y: 0.99953234, z: 0.030555006}
    - {x: -0.007509017, y: 0.9918122, z: 0.12748368}
    - {x: -0.14592642, y: 0.6160694, z: 0.7740568}
    - {x: -0.0037783994, y: 0.99956137, z: 0.029374296}
    - {x: -0.01569626, y: 0.9939062, z: 0.109106004}
    - {x: -0.13987464, y: 0.6464728, z: 0.75000536}
    - {x: -0.10612715, y: 0.9930661, z: 0.050563604}
    - {x: -0.23304553, y: 0.96854377, z: 0.087251656}
    - {x: -0.2692622, y: 0.6795962, z: 0.6823833}
    - {x: -0.4269419, y: 0.90063125, z: 0.081142515}
    - {x: -0.9324654, y: 0.3524657, z: -0.07922322}
    - {x: -0.5338491, y: 0.8454357, z: 0.015607109}
    - {x: -0.4903738, y: 0.6770439, z: 0.54876685}
    - {x: -0.90499115, y: 0.42495957, z: 0.020011699}
    - {x: -0.81429654, y: 0.47646666, z: 0.33151272}
    - {x: -0.98982006, y: 0.12105119, z: 0.074852206}
    - {x: -0.5575898, y: -0.70307225, z: -0.44134232}
    - {x: -0.610087, y: -0.7213776, z: -0.32773194}
    - {x: -0.7991884, y: 0.18922368, z: -0.5705193}
    - {x: -0.62149686, y: 0.47946432, z: -0.6195608}
    - {x: -0.97259706, y: 0.21807148, z: 0.08062148}
    - {x: -0.57785296, y: 0.8087633, z: -0.109489426}
    - {x: -0.9243622, y: 0.3711673, z: 0.08825779}
    - {x: -0.51009786, y: 0.56435853, z: -0.649076}
    - {x: -0.39076954, y: 0.91719645, z: -0.07778124}
    - {x: -0.79744685, y: 0.5914359, z: 0.11950737}
    - {x: -0.29054382, y: 0.95398676, z: -0.07411861}
    - {x: -0.2204406, y: 0.65921026, z: -0.71892124}
    - {x: -0.16935614, y: 0.98514646, z: -0.028368734}
    - {x: -0.7189191, y: 0.67804676, z: 0.1529966}
    - {x: -0.024674844, y: 0.9965496, z: -0.079245806}
    - {x: -0.12755899, y: 0.6462979, z: -0.7523481}
    - {x: -0.12468231, y: 0.9921367, z: -0.010906498}
    - {x: -0.06969577, y: 0.9975319, z: 0.008525851}
    - {x: -0.6851644, y: 0.69988436, z: 0.20177132}
    - {x: 0.017914372, y: 0.99085754, z: -0.13371743}
    - {x: -0.102184914, y: 0.5798495, z: -0.80829006}
    - {x: -0.0010261874, y: 0.99996114, z: 0.008759403}
    - {x: -0.0320911, y: 0.99948186, z: -0.0025154394}
    - {x: -0.059840955, y: 0.9973169, z: 0.042167388}
    - {x: -0.6635734, y: 0.6763064, z: 0.31981236}
    - {x: 0.014270151, y: 0.9739208, z: -0.22643901}
    - {x: -0.011841137, y: 0.48157066, z: -0.8763273}
    - {x: -0.0008393894, y: 0.9999994, z: 0.00072235655}
    - {x: 0.01147583, y: 0.9999317, z: 0.002224158}
    - {x: -0.0053675254, y: 0.99998057, z: 0.0031915884}
    - {x: -0.08990776, y: 0.98911554, z: 0.11647746}
    - {x: -0.64543575, y: 0.4602264, z: 0.6095936}
    - {x: 0.041927654, y: 0.94964194, z: -0.31051934}
    - {x: 0.31277663, y: 0.16510373, z: -0.9353671}
    - {x: 0.007070219, y: 0.9996451, z: 0.02568232}
    - {x: -0.008353635, y: 0.99994993, z: -0.0055199587}
    - {x: -0.0066816807, y: 0.99995065, z: -0.007357683}
    - {x: -0.008839799, y: 0.9999596, z: 0.0016814786}
    - {x: -0.114423595, y: 0.916031, z: 0.3844404}
    - {x: -0.33346266, y: 0.11121408, z: 0.93618065}
    - {x: -0.025655022, y: 0.47605875, z: 0.8790392}
    - {x: -0.0063386187, y: 0.99842983, z: 0.055655904}
    - {x: -0.028698035, y: 0.9712218, z: 0.23644179}
    - {x: 0.044952866, y: 0.6665335, z: 0.7441185}
    - {x: 0.00007233031, y: 0.99960476, z: 0.028113691}
    - {x: -0.025456572, y: 0.99967563, z: -0.0007782603}
    - {x: -0.00017363406, y: 0.99933076, z: 0.03657873}
    - {x: -0.0023578994, y: 0.9891754, z: 0.14671873}
    - {x: 0.11865242, y: 0.74282044, z: 0.6588926}
    - {x: -0.01159013, y: 0.9990509, z: 0.0419867}
    - {x: -0.034051117, y: 0.9992143, z: -0.020280968}
    - {x: -0.0019671668, y: 0.99575955, z: 0.091972806}
    - {x: 0.10967148, y: 0.8106192, z: 0.5752119}
    - {x: 0.00065008766, y: 0.99926406, z: 0.03835169}
    - {x: -0.02412812, y: 0.9997036, z: 0.003256886}
    - {x: 0.0013111288, y: 0.99927086, z: -0.03815889}
    - {x: 0.028242966, y: 0.9971551, z: 0.06988615}
    - {x: 0.13928474, y: 0.88474673, z: 0.44477293}
    - {x: 0.016196152, y: 0.9986307, z: 0.04974132}
    - {x: 0.011498545, y: 0.99914324, z: 0.039757527}
    - {x: -0.0118058855, y: 0.9996171, z: -0.025023488}
    - {x: 0.14340897, y: 0.86969334, z: -0.47230008}
    - {x: 0.68715036, y: -0.010047439, z: -0.72644573}
    - {x: 0.6685072, y: 0.4658667, z: -0.5797123}
    - {x: 0.12608092, y: 0.98433244, z: -0.12326133}
    - {x: 0.71973014, y: 0.61678493, z: -0.3186925}
    - {x: 0.13120815, y: 0.99080384, z: -0.033047486}
    - {x: 0.7649716, y: 0.61822164, z: -0.1806113}
    - {x: 0.025771681, y: 0.9996013, z: 0.011540935}
    - {x: 0.16944455, y: 0.9853359, z: -0.020043515}
    - {x: 0.81939346, y: 0.53513914, z: -0.20547627}
    - {x: 0.06942067, y: 0.99626994, z: 0.051252667}
    - {x: 0.29746333, y: 0.95370513, z: 0.04429506}
    - {x: 0.9175528, y: 0.358735, z: -0.1714816}
    - {x: 0.14884658, y: 0.9869539, z: 0.061373644}
    - {x: 0.4812684, y: 0.8709651, z: 0.098997235}
    - {x: 0.9751818, y: 0.15017724, z: -0.16268764}
    - {x: 0.29474464, y: 0.9515829, z: 0.08726659}
    - {x: 0.43737605, y: 0.81817573, z: 0.3732167}
    - {x: 0.62521595, y: 0.77926505, z: 0.043024283}
    - {x: 0.9608958, y: 0.24371769, z: -0.13145727}
    - {x: 0.6753154, y: 0.6461569, z: 0.3555705}
    - {x: 0.915051, y: 0.36481336, z: 0.17202589}
    - {x: -0.62149686, y: 0.47946432, z: -0.6195608}
    - {x: -0.5575898, y: -0.70307225, z: -0.44134232}
    - {x: -0.7991884, y: 0.18922368, z: -0.5705193}
    - {x: 0.14859444, y: -0.59194016, z: -0.7921658}
    - {x: -0.610087, y: -0.7213776, z: -0.32773194}
    - {x: 0.13903098, y: -0.67076695, z: -0.7285205}
    - {x: 0.14420125, y: -0.6392444, z: -0.7553626}
    - {x: -0.51009786, y: 0.56435853, z: -0.649076}
    - {x: 0.016096761, y: -0.65381646, z: -0.75648195}
    - {x: -0.043935347, y: -0.7530127, z: -0.65653753}
    - {x: -0.25559512, y: -0.6492621, z: -0.7163309}
    - {x: -0.2204406, y: 0.65921026, z: -0.71892124}
    - {x: -0.2489053, y: -0.76051825, z: -0.599715}
    - {x: -0.12755899, y: 0.6462979, z: -0.7523481}
    - {x: -0.26225093, y: -0.7543942, z: -0.601759}
    - {x: -0.32602915, y: -0.7271942, z: -0.6040643}
    - {x: -0.24373606, y: -0.8315296, z: -0.49915063}
    - {x: -0.102184914, y: 0.5798495, z: -0.80829006}
    - {x: -0.26138005, y: -0.7591522, z: -0.59612787}
    - {x: -0.27956828, y: -0.86783946, z: -0.41072646}
    - {x: -0.011841137, y: 0.48157066, z: -0.8763273}
    - {x: -0.07709209, y: -0.96826273, z: -0.23774768}
    - {x: -0.0719336, y: -0.79639316, z: -0.60048616}
    - {x: 0.31277663, y: 0.16510373, z: -0.9353671}
    - {x: 0.6667031, y: -0.7319224, z: -0.14070028}
    - {x: 0.5309267, y: -0.80832326, z: -0.25442147}
    - {x: 0.68715036, y: -0.010047439, z: -0.72644573}
    - {x: 0.6667031, y: -0.7319224, z: -0.14070028}
    - {x: 0.68715036, y: -0.010047439, z: -0.72644573}
    - {x: 0.5309267, y: -0.80832326, z: -0.25442147}
    - {x: 0.6685072, y: 0.4658667, z: -0.5797123}
    - {x: 0.95341545, y: -0.18568704, z: -0.23773758}
    - {x: 0.5988165, y: -0.6174026, z: -0.51013005}
    - {x: 0.71973014, y: 0.61678493, z: -0.3186925}
    - {x: 0.45672277, y: -0.8307493, z: 0.31821355}
    - {x: 0.34933364, y: -0.93698627, z: -0.0047726035}
    - {x: 0.94176745, y: -0.16913797, z: -0.2906309}
    - {x: 0.7649716, y: 0.61822164, z: -0.1806113}
    - {x: 0.44798976, y: -0.8939957, z: -0.008763287}
    - {x: 0.93509686, y: -0.24303368, z: -0.25793126}
    - {x: 0.81939346, y: 0.53513914, z: -0.20547627}
    - {x: 0.46782556, y: -0.8740516, z: -0.13104588}
    - {x: 0.92970467, y: -0.30246377, z: -0.2101546}
    - {x: 0.9175528, y: 0.358735, z: -0.1714816}
    - {x: 0.41620556, y: -0.9016793, z: -0.11724951}
    - {x: 0.8842426, y: -0.38447687, z: -0.26512742}
    - {x: 0.9751818, y: 0.15017724, z: -0.16268764}
    - {x: 0.31869748, y: -0.9263056, z: -0.20097244}
    - {x: 0.8358652, y: -0.4672643, z: -0.28808582}
    - {x: 0.9608958, y: 0.24371769, z: -0.13145727}
    - {x: 0.15270805, y: -0.9299516, z: -0.33447}
    - {x: 0.8832704, y: -0.38784674, z: -0.2634546}
    - {x: 0.915051, y: 0.36481336, z: 0.17202589}
    - {x: 0.16884476, y: -0.9553731, z: -0.24239166}
    - {x: 0.813427, y: -0.41767222, z: 0.4048289}
    - {x: 0.17209692, y: -0.94608116, z: 0.27443212}
    - {x: -0.64543575, y: 0.4602264, z: 0.6095936}
    - {x: -0.22785276, y: -0.7695351, z: 0.5965725}
    - {x: -0.33346266, y: 0.11121408, z: 0.93618065}
    - {x: -0.80479234, y: -0.5389059, z: 0.24877657}
    - {x: 0.04258907, y: -0.9894665, z: -0.13835531}
    - {x: -0.6635734, y: 0.6763064, z: 0.31981236}
    - {x: -0.24898818, y: -0.9031336, z: -0.3497922}
    - {x: -0.92588073, y: -0.2695322, z: 0.26475897}
    - {x: -0.6851644, y: 0.69988436, z: 0.20177132}
    - {x: -0.27421257, y: -0.95964944, z: -0.062293548}
    - {x: -0.89377075, y: -0.36498567, z: 0.26068988}
    - {x: -0.7189191, y: 0.67804676, z: 0.1529966}
    - {x: -0.28970638, y: -0.9541437, z: 0.07536605}
    - {x: -0.9303979, y: -0.2954522, z: 0.21695071}
    - {x: -0.79744685, y: 0.5914359, z: 0.11950737}
    - {x: -0.30482286, y: -0.9478246, z: 0.09333578}
    - {x: -0.8917905, y: -0.35544333, z: 0.27994594}
    - {x: -0.9243622, y: 0.3711673, z: 0.08825779}
    - {x: -0.23267914, y: -0.94972414, z: 0.2094862}
    - {x: -0.85697335, y: -0.41891208, z: 0.30018213}
    - {x: -0.97259706, y: 0.21807148, z: 0.08062148}
    - {x: -0.7765143, y: -0.5627111, z: 0.2835166}
    - {x: -0.14136252, y: -0.9408625, z: 0.30788708}
    - {x: -0.98982006, y: 0.12105119, z: 0.074852206}
    - {x: -0.03854613, y: -0.96804404, z: 0.24780011}
    - {x: -0.610087, y: -0.7213776, z: -0.32773194}
    - {x: -0.12637964, y: -0.9813481, z: -0.14485921}
    - {x: -0.63846624, y: -0.67505306, z: -0.36968133}
    - {x: 0.5988165, y: -0.6174026, z: -0.51013005}
    - {x: -0.07709209, y: -0.96826273, z: -0.23774768}
    - {x: 0.5309267, y: -0.80832326, z: -0.25442147}
    - {x: -0.19850397, y: -0.7037721, z: -0.6821297}
    - {x: 0.34933364, y: -0.93698627, z: -0.0047726035}
    - {x: -0.27956828, y: -0.86783946, z: -0.41072646}
    - {x: -0.23645465, y: -0.96505487, z: 0.11295222}
    - {x: -0.25668183, y: -0.6775815, z: -0.6892008}
    - {x: -0.24373606, y: -0.8315296, z: -0.49915063}
    - {x: -0.17210741, y: -0.98505104, z: 0.0073150937}
    - {x: -0.23780844, y: -0.5271623, z: -0.81581074}
    - {x: -0.2489053, y: -0.76051825, z: -0.599715}
    - {x: -0.13579203, y: -0.97226167, z: -0.19044115}
    - {x: -0.25272483, y: -0.44665438, z: -0.8582715}
    - {x: -0.043935347, y: -0.7530127, z: -0.65653753}
    - {x: -0.14491609, y: -0.93573457, z: -0.32155895}
    - {x: -0.22400491, y: -0.36209723, z: -0.9048245}
    - {x: 0.14420125, y: -0.6392444, z: -0.7553626}
    - {x: -0.08774731, y: -0.91521645, z: -0.39329284}
    - {x: -0.18104583, y: -0.28923845, z: -0.9399805}
    - {x: 0.13903098, y: -0.67076695, z: -0.7285205}
    - {x: 0.19132492, y: -0.87114733, z: -0.4522135}
    - {x: -0.06961555, y: -0.46535373, z: -0.8823829}
    - {x: -0.610087, y: -0.7213776, z: -0.32773194}
    - {x: 0.39096645, y: -0.8369487, z: -0.3829648}
    - {x: -0.63846624, y: -0.67505306, z: -0.36968133}
    - {x: -0.12637964, y: -0.9813481, z: -0.14485921}
    - {x: 0.6753154, y: 0.6461569, z: 0.3555705}
    - {x: 0.813427, y: -0.41767222, z: 0.4048289}
    - {x: 0.915051, y: 0.36481336, z: 0.17202589}
    - {x: 0.4191914, y: -0.071652465, z: 0.905066}
    - {x: 0.17209692, y: -0.94608116, z: 0.27443212}
    - {x: 0.43737605, y: 0.81817573, z: 0.3732167}
    - {x: -0.32076138, y: -0.7957005, z: 0.51378286}
    - {x: 0.36848798, y: 0.2041513, z: 0.90693927}
    - {x: 0.13928474, y: 0.88474673, z: 0.44477293}
    - {x: -0.13095766, y: -0.8138345, z: 0.566148}
    - {x: 0.24724525, y: 0.21202105, z: 0.9454718}
    - {x: 0.10967148, y: 0.8106192, z: 0.5752119}
    - {x: 0.11627229, y: -0.8287362, z: 0.5474278}
    - {x: 0.24356423, y: -0.06737808, z: 0.9675415}
    - {x: 0.11865242, y: 0.74282044, z: 0.6588926}
    - {x: 0.15170209, y: -0.8720021, z: 0.46540165}
    - {x: 0.28835523, y: -0.11726085, z: 0.95031637}
    - {x: 0.044952866, y: 0.6665335, z: 0.7441185}
    - {x: 0.17352057, y: -0.9199948, z: 0.3514261}
    - {x: 0.25417686, y: -0.20035441, z: 0.9461777}
    - {x: -0.025655022, y: 0.47605875, z: 0.8790392}
    - {x: 0.24087285, y: -0.9481035, z: 0.20755732}
    - {x: 0.22821638, y: -0.46790642, z: 0.85380375}
    - {x: -0.33346266, y: 0.11121408, z: 0.93618065}
    - {x: 0.27881342, y: -0.95994025, z: -0.027888473}
    - {x: -0.22785276, y: -0.7695351, z: 0.5965725}
    - {x: 0.04258907, y: -0.9894665, z: -0.13835531}
    - {x: 0.39096645, y: -0.8369487, z: -0.3829648}
    - {x: -0.03854613, y: -0.96804404, z: 0.24780011}
    - {x: -0.12637964, y: -0.9813481, z: -0.14485921}
    - {x: 0.5438482, y: -0.8349415, z: 0.0842726}
    - {x: 0.19132492, y: -0.87114733, z: -0.4522135}
    - {x: -0.14136252, y: -0.9408625, z: 0.30788708}
    - {x: 0.31257245, y: -0.94986284, z: 0.007688955}
    - {x: -0.08774731, y: -0.91521645, z: -0.39329284}
    - {x: 0.3845008, y: -0.9175442, z: 0.1013507}
    - {x: -0.23267914, y: -0.94972414, z: 0.2094862}
    - {x: 0.007815709, y: -0.99991906, z: -0.010037819}
    - {x: -0.14491609, y: -0.93573457, z: -0.32155895}
    - {x: 0.12696858, y: -0.9917005, z: 0.02022595}
    - {x: 0.16583592, y: -0.98503923, z: 0.046863638}
    - {x: -0.30482286, y: -0.9478246, z: 0.09333578}
    - {x: -0.029077165, y: -0.99926025, z: 0.025165996}
    - {x: -0.13579203, y: -0.97226167, z: -0.19044115}
    - {x: 0.0034377256, y: -0.9999685, z: -0.007156349}
    - {x: 0.05520138, y: -0.9984706, z: 0.0030423028}
    - {x: -0.28970638, y: -0.9541437, z: 0.07536605}
    - {x: 0.021703504, y: -0.999699, z: 0.0114378035}
    - {x: -0.0173885, y: -0.9952454, z: 0.09583459}
    - {x: -0.17210741, y: -0.98505104, z: 0.0073150937}
    - {x: 0.028796654, y: -0.9991848, z: -0.028294498}
    - {x: -0.27421257, y: -0.95964944, z: -0.062293548}
    - {x: -0.007960585, y: -0.9999666, z: 0.0018496407}
    - {x: 0.00871047, y: -0.9999554, z: 0.0036572465}
    - {x: -0.0017076227, y: -0.99997187, z: 0.007301611}
    - {x: -0.030066386, y: -0.96645033, z: 0.2550878}
    - {x: -0.23645465, y: -0.96505487, z: 0.11295222}
    - {x: 0.06513137, y: -0.9916332, z: -0.11145193}
    - {x: -0.24898818, y: -0.9031336, z: -0.3497922}
    - {x: 0.0067046313, y: -0.9999325, z: 0.009491119}
    - {x: -0.0117021, y: -0.9997478, z: -0.01916744}
    - {x: 0.009578382, y: -0.9998789, z: 0.012263095}
    - {x: 0.008953157, y: -0.9999578, z: 0.00204403}
    - {x: -0.101756446, y: -0.9035035, z: 0.4163256}
    - {x: 0.34933364, y: -0.93698627, z: -0.0047726035}
    - {x: 0.45672277, y: -0.8307493, z: 0.31821355}
    - {x: 0.0061610322, y: -0.9997491, z: 0.021531627}
    - {x: -0.05967736, y: -0.9943124, z: 0.08821267}
    - {x: 0.44798976, y: -0.8939957, z: -0.008763287}
    - {x: 0.032782648, y: -0.9991448, z: 0.02520031}
    - {x: 0.028856969, y: -0.999569, z: 0.0053990693}
    - {x: 0.0021932735, y: -0.9997397, z: -0.022707127}
    - {x: 0.02288239, y: -0.99876785, z: 0.04403608}
    - {x: -0.05453809, y: -0.99746007, z: 0.0458145}
    - {x: 0.46782556, y: -0.8740516, z: -0.13104588}
    - {x: 0.025752014, y: -0.9996662, z: 0.0020739392}
    - {x: -0.098735034, y: -0.9949721, z: -0.016788611}
    - {x: 0.41620556, y: -0.9016793, z: -0.11724951}
    - {x: -0.011531486, y: -0.99976796, z: -0.018193318}
    - {x: 0.017826099, y: -0.99920744, z: -0.035592295}
    - {x: -0.0017848276, y: -0.99914956, z: -0.04119588}
    - {x: -0.27289498, y: -0.95998687, z: -0.06287791}
    - {x: 0.31869748, y: -0.9263056, z: -0.20097244}
    - {x: -0.055467613, y: -0.99720603, z: -0.05003497}
    - {x: -0.0070531573, y: -0.99902225, z: -0.04364481}
    - {x: 0.0025183049, y: -0.99959975, z: -0.028180778}
    - {x: 0.1210394, y: -0.93051803, z: -0.34566677}
    - {x: 0.04258907, y: -0.9894665, z: -0.13835531}
    - {x: 0.27881342, y: -0.95994025, z: -0.027888473}
    - {x: 0.049234834, y: -0.97730905, z: -0.20601675}
    - {x: 0.24087285, y: -0.9481035, z: 0.20755732}
    - {x: 0.020548863, y: -0.9953419, z: -0.094192326}
    - {x: 0.17352057, y: -0.9199948, z: 0.3514261}
    - {x: 0.0026696348, y: -0.9995023, z: -0.031434983}
    - {x: 0.013869754, y: -0.99911565, z: -0.039691515}
    - {x: 0.15170209, y: -0.8720021, z: 0.46540165}
    - {x: -0.012884289, y: -0.9993685, z: -0.03311756}
    - {x: -0.01657854, y: -0.9997508, z: -0.0149515895}
    - {x: 0.11627229, y: -0.8287362, z: 0.5474278}
    - {x: -0.11636019, y: -0.9926267, z: -0.033946723}
    - {x: -0.30406055, y: -0.95226026, z: -0.027343115}
    - {x: -0.13095766, y: -0.8138345, z: 0.566148}
    - {x: -0.41481104, y: -0.90673, z: -0.0759779}
    - {x: 0.15270805, y: -0.9299516, z: -0.33447}
    - {x: -0.5484728, y: -0.8323798, z: -0.079507306}
    - {x: -0.32076138, y: -0.7957005, z: 0.51378286}
    - {x: 0.16884476, y: -0.9553731, z: -0.24239166}
    - {x: 0.17209692, y: -0.94608116, z: 0.27443212}
--- !u!1 &8343528614308262026
GameObject:
  m_ObjectHideFlags: 0
  m_CorrespondingSourceObject: {fileID: 0}
  m_PrefabInstance: {fileID: 0}
  m_PrefabAsset: {fileID: 0}
  serializedVersion: 6
  m_Component:
  - component: {fileID: 3024979236301093231}
  - component: {fileID: 3827516045487871898}
  - component: {fileID: 4539532679653416793}
  - component: {fileID: 4887891175799136068}
  - component: {fileID: 7366701859726163717}
  - component: {fileID: 5020610194213667666}
  - component: {fileID: 146585017815270428}
  - component: {fileID: 1737620491725980448}
  m_Layer: 0
  m_Name: Wash
  m_TagString: AR_Interactable
  m_Icon: {fileID: 0}
  m_NavMeshLayer: 0
  m_StaticEditorFlags: 0
  m_IsActive: 1
--- !u!4 &3024979236301093231
Transform:
  m_ObjectHideFlags: 0
  m_CorrespondingSourceObject: {fileID: 0}
  m_PrefabInstance: {fileID: 0}
  m_PrefabAsset: {fileID: 0}
  m_GameObject: {fileID: 8343528614308262026}
  m_LocalRotation: {x: 0, y: 0, z: 0, w: 1}
  m_LocalPosition: {x: -0.229, y: 0.005, z: -0.154}
  m_LocalScale: {x: 1, y: 1, z: 1}
  m_Children:
  - {fileID: 7158438212863959402}
  m_Father: {fileID: 0}
  m_RootOrder: 0
  m_LocalEulerAnglesHint: {x: 0, y: 0, z: 0}
--- !u!114 &3827516045487871898
MonoBehaviour:
  m_ObjectHideFlags: 0
  m_CorrespondingSourceObject: {fileID: 0}
  m_PrefabInstance: {fileID: 0}
  m_PrefabAsset: {fileID: 0}
  m_GameObject: {fileID: 8343528614308262026}
  m_Enabled: 1
  m_EditorHideFlags: 0
  m_Script: {fileID: 11500000, guid: fec37d855e3c8214ebe733256027a88a, type: 3}
  m_Name: 
  m_EditorClassIdentifier: 
  InteractableName: Wash
  objectsize: 0
--- !u!114 &4539532679653416793
MonoBehaviour:
  m_ObjectHideFlags: 0
  m_CorrespondingSourceObject: {fileID: 0}
  m_PrefabInstance: {fileID: 0}
  m_PrefabAsset: {fileID: 0}
  m_GameObject: {fileID: 8343528614308262026}
  m_Enabled: 1
  m_EditorHideFlags: 0
  m_Script: {fileID: 11500000, guid: d7645fbde3c74c84e9a4169f18994036, type: 3}
  m_Name: 
  m_EditorClassIdentifier: 
--- !u!114 &4887891175799136068
MonoBehaviour:
  m_ObjectHideFlags: 0
  m_CorrespondingSourceObject: {fileID: 0}
  m_PrefabInstance: {fileID: 0}
  m_PrefabAsset: {fileID: 0}
  m_GameObject: {fileID: 8343528614308262026}
  m_Enabled: 1
  m_EditorHideFlags: 0
  m_Script: {fileID: 11500000, guid: 236eb514f52e7c14d8f6745cf93b787e, type: 3}
  m_Name: 
  m_EditorClassIdentifier: 
  isGrabbable: 1
  select:
    m_PersistentCalls:
      m_Calls: []
  deselect:
    m_PersistentCalls:
      m_Calls: []
  isSelected: 0
  grab:
    m_PersistentCalls:
      m_Calls: []
  release:
    m_PersistentCalls:
      m_Calls: []
  isGrabbed: 0
  interact:
    m_PersistentCalls:
      m_Calls: []
  combine:
    m_PersistentCalls:
      m_Calls: []
  error:
    m_PersistentCalls:
      m_Calls: []
  interactString: 0
  combineString: 1
--- !u!114 &7366701859726163717
MonoBehaviour:
  m_ObjectHideFlags: 0
  m_CorrespondingSourceObject: {fileID: 0}
  m_PrefabInstance: {fileID: 0}
  m_PrefabAsset: {fileID: 0}
  m_GameObject: {fileID: 8343528614308262026}
  m_Enabled: 1
  m_EditorHideFlags: 0
  m_Script: {fileID: 11500000, guid: 0db53094dd902d043822a3209e7e007c, type: 3}
  m_Name: 
  m_EditorClassIdentifier: 
  rigidbodies:
  - {fileID: 8087412604279659734}
--- !u!114 &5020610194213667666
MonoBehaviour:
  m_ObjectHideFlags: 0
  m_CorrespondingSourceObject: {fileID: 0}
  m_PrefabInstance: {fileID: 0}
  m_PrefabAsset: {fileID: 0}
  m_GameObject: {fileID: 8343528614308262026}
  m_Enabled: 1
  m_EditorHideFlags: 0
  m_Script: {fileID: 11500000, guid: d656c1fa499bd584cb4ccf99ee5bac3a, type: 3}
  m_Name: 
  m_EditorClassIdentifier: 
  outlines:
  - {fileID: 2516242730800055367}
  errorColor: {r: 1, g: 0, b: 0, a: 1}
  successColor: {r: 0, g: 1, b: 0, a: 1}
--- !u!114 &146585017815270428
MonoBehaviour:
  m_ObjectHideFlags: 0
  m_CorrespondingSourceObject: {fileID: 0}
  m_PrefabInstance: {fileID: 0}
  m_PrefabAsset: {fileID: 0}
  m_GameObject: {fileID: 8343528614308262026}
  m_Enabled: 1
  m_EditorHideFlags: 0
  m_Script: {fileID: 11500000, guid: f787133dea41c1f47a920423da9bb85e, type: 3}
  m_Name: 
  m_EditorClassIdentifier: 
  SelectSound: 0
  DeselectSound: 0
  GrabSound: 2
  ReleaseSound: 7
  InteractSound: 0
  CombineSound: 9
  DropSound: 0
  ErrorSound: 1
--- !u!114 &1737620491725980448
MonoBehaviour:
  m_ObjectHideFlags: 0
  m_CorrespondingSourceObject: {fileID: 0}
  m_PrefabInstance: {fileID: 0}
  m_PrefabAsset: {fileID: 0}
  m_GameObject: {fileID: 8343528614308262026}
  m_Enabled: 1
  m_EditorHideFlags: 0
  m_Script: {fileID: 11500000, guid: 556aef686546c1441a607b95c55443df, type: 3}
  m_Name: 
  m_EditorClassIdentifier: 
